 Dungeon Crawl Stone Soup version 0.27.1-4-g1640c2035a (webtiles) character file.

Game seed: 17267199829529972281

48962 pkoi the Brawler (level 14, -9/140 HPs)
             Began as a Troll Monk on Nov 3, 2021.
             Was the Champion of Dithmenos.
             Collided with a briar patch (14 damage)
             ... caused by a swamp worm
             ... on level 1 of the Lair of Beasts.
             The game lasted 00:37:47 (15028 turns).

pkoi the Brawler (Troll Monk)                      Turns: 15028, Time: 00:37:48

Health: -9/140     AC: 12    Str: 26    XL:     14   Next: 14%
Magic:  18/18      EV:  7    Int:  6    God:    Dithmenos [******]
Gold:   1123       SH:  0    Dex: 12    Spells: 13/13 levels left

rFire    + + .     SeeInvis .     - Unarmed
rCold    . . .     Faith    .   (no shield)
rNeg     . . .     Spirit   .   S - +0 robe {rC+ rF+}
rPois    .         Reflect  .   P - +2 hat
rElec    .         Harm     .   C - +1 cloak
rCorr    .         Rampage  .   (gloves unavailable)
Will     +....                  (boots unavailable)
Stlth    ++........             a - amulet of magic regeneration
HPRegen  1.33/turn              E - +4 ring of protection
MPRegen  0.41/turn              F - ring of fire

@: about to teleport, held, wreathed by umbra
A: large, unfitting armour, claws 3, regeneration 1, shaggy fur 1, tough skin 1
a: Renounce Religion, Shadow Step, Shadow Form


You were on level 1 of the Lair of Beasts.
You worshipped Dithmenos.
Dithmenos was exalted by your worship.
You visited 3 branches of the dungeon, and saw 18 of its levels.
You also visited: Bailey, Ice Cave and Volcano.

You collected 1123 gold pieces.

Inventory:

Missiles
 b - 59 poisoned darts (quivered)
 k - 12 curare-tipped darts
 l - 5 large rocks
 q - 2 boomerangs
 G - 7 datura-tipped darts
 N - 9 atropa-tipped darts
 O - 4 silver boomerangs
Armour
 C - a +1 cloak (worn)
 P - a +2 hat (worn)
 S - a +0 robe of resistance (worn)
Jewellery
 a - an amulet of magic regeneration (around neck)
 j - a ring of protection from cold
 o - a ring of flight
 u - a +6 ring of strength
 w - a ring of willpower
 A - a ring of resist corrosion
 E - a +4 ring of protection (left claw)
 F - a ring of fire (right claw)
Wands
 g - a wand of polymorph (14)
 p - a wand of acid (5)
 x - a wand of charming (9)
 y - a wand of flame (18)
 M - a wand of iceblast (22)
 Q - a wand of paralysis (6)
 R - a wand of mindburst (8)
Scrolls
 h - 5 scrolls of enchant weapon
 m - a scroll of teleportation
 r - a scroll of identify
 s - a scroll of fear
 t - 3 scrolls of enchant armour
 H - 3 scrolls of amnesia
 I - a scroll of blinking
 K - a scroll of brand weapon
Potions
 c - 2 potions of haste
 d - 4 potions of lignification
 e - 3 potions of resistance
 f - 2 potions of cancellation
 i - a potion of attraction
 n - 6 potions of curing
 v - 3 potions of berserk rage
 z - 2 potions of brilliance
 B - 2 potions of heal wounds
 D - a potion of ambrosia
 J - a potion of mutation {unknown}
 L - a potion of flight


   Skills:
 + Level 9.2 Fighting
 - Level 6.5 Throwing
 + Level 9.2 Dodging
 - Level 1.0 Stealth
 * Level 15.7 Unarmed Combat
 * Level 7.4 Invocations
 - Level 4.2 Evocations


You had 13 spell levels left.
You didn't know any spells.
Your spell library contained the following spells:

 Spells                   Type           Power      Damage    Failure   Level
 Animate Skeleton         Necr           0%         N/A       45%         1
 Magic Dart               Conj           0%         1d3       45%         1
 Pain                     Necr           0%         1d4       45%         1
 Summon Small Mammal      Summ           0%         N/A       45%         1
 Corpse Rot               Necr/Air       N/A        N/A       58%         2
 Poisonous Vapours        Pois/Air       0%         N/A       58%         2
 Searing Ray              Conj           0%         3d3       58%         2
 Sublimation of Blood     Necr           0%         N/A       58%         2
 Wereblood                Tmut           0%         N/A       58%         2
 Call Canine Familiar     Summ           0%         N/A       83%         3
 Ozocubu's Armour         Ice            0%         N/A       83%         3
 Summon Guardian Golem    Hex/Summ       0%         N/A       83%         3
 Vampiric Draining        Necr           0%         2d6       83%         3
 Airstrike                Air            0%         N/A       99%         4
 Fulminant Prism          Conj/Hex       0%         3d6       99%         4
 Petrify                  Tmut/Erth      0%         N/A       99%         4
 Summon Lightning Spire   Summ/Air       0%         N/A       99%         4
 Freezing Cloud           Conj/Ice/Air   0%         6-21      100%        5
 Irradiate                Conj/Tmut      0%         3d13      100%        5
 Lightning Bolt           Conj/Air       0%         1d11      100%        5
 Ozocubu's Refrigeration  Ice            0%         4d5       100%        7
 Summon Hydra             Summ           0%         N/A       100%        7


Dungeon Overview and Level Annotations

Branches:
Dungeon (11/15)            Temple (1/1) D:4            Lair (6/6) D:10
  Swamp (0/4) Lair:2        Snake (0/4) Lair:2        Slime (0/5) Lair:6
 Bailey (visited)           IceCv (visited)         Volcano (visited)
    Orc: D:9-12

Altars:
Ashenzari
Cheibriados
Dithmenos
Elyvilon
Fedhas
Gozag
Hepliaklqana
Kikubaaqudgha
Makhleb
Nemelex Xobeh
Okawaru
Qazlal
Ru
Sif Muna
Trog
Uskayaw
Vehumet
Wu Jian
Xom
Yredelemnul
Zin
The Shining One
Jiyva

Annotations:
D:4 2 runed translucent doors, waplegopp's ghost, amateur TeBe
Lair:1 1 transporter, 1 runed translucent door, reversiblehash's ghost, journeyman MiFi


Innate Abilities, Weirdness & Mutations

You are too large for most types of armour.
You have claws for hands.
Your natural rate of healing is unusually fast.
You are covered in fur. (AC +1)
You have tough skin. (AC +1)


Message History

You are yanked forward by the harpoon shot.
You violently stop moving!
The swamp worm fires a harpoon shot at you.
The harpoon shot hits you but does no damage.
Really walk into that net trap?
You become entangled in the net!
The swamp worm fires a harpoon shot at you.
The harpoon shot hits you!
* * * LOW HITPOINT WARNING * * *
You are yanked forward by the harpoon shot.
You collide with the briar patch!
* * * LOW HITPOINT WARNING * * *
The swamp worm fires a harpoon shot at you.
The harpoon shot hits you!
* * * LOW HITPOINT WARNING * * *
You are yanked forward by the harpoon shot.
You collide with the briar patch!
* * * LOW HITPOINT WARNING * * *
There is a net trap, spattered with blood here.
You see here a throwing net.
As you read the scroll of teleportation, it crumbles to dust.
You feel strangely unstable.
The swamp worm fires a harpoon shot at you.
The harpoon shot hits you.
* * * LOW HITPOINT WARNING * * *
You are yanked forward by the harpoon shot.
You collide with the briar patch!
* * * LOW HITPOINT WARNING * * *
The swamp worm fires a harpoon shot at you.
The harpoon shot hits you!
* * * LOW HITPOINT WARNING * * *
You are yanked forward by the harpoon shot.
You collide with the briar patch!
The briar patch is destroyed!
The swamp worm fires a harpoon shot at you.
The harpoon shot hits you.
* * * LOW HITPOINT WARNING * * *
You are yanked forward by the harpoon shot.
You collide with the briar patch!
You die...

.?.#..........#[©=#............#
...#..####....#:)$#............#
............####+####..........##
............##≈P○P≈w#.###.#.....#
.....#####..#w§P^P≈##............
......# ##.###°^P≈w#.....+......
......# #.#w≈P^○###.#.###......
......# #.##≈P^P≈w#............
.....## ##.#w≈.@P≈##.####.......
...†..# #..##≈.^P§♣#......#.....
.....## ##.###P©P###.#..........
.....#####....#####........#.....
................©.....+....#.....
...#####.........#.#..#..........
...# #........#####.#....P.....
...# #.........# #.+..........
...#####........## #......#.....


You could see 6 swamp worms.

Vanquished Creatures
  A red draconian (Volcano)
  2 hydras
  A boulder beetle (Lair:2)
  2 two-headed ogres
  A catoblepas (Lair:6)
  11 death yaks
  Sonja (Lair:3)
  A salamander mystic (Volcano)
  2 bog bodies (IceCv)
  5 salamanders (Volcano)
  2 manticores (D:6)
  15 elephants
  An ice statue (IceCv)
  4 black mambas
  Joseph (D:7)
  Maurice (D:8)
  A torpor snail (Lair:4)
  Maggie (D:8)
  8 cane toads
  6 rime drakes
  11 komodo dragons
  2 unseen horrors
  An anaconda simulacrum (IceCv)
  An ice devil (IceCv)
  A freezing wraith (IceCv)
  A polar bear (Lair:4)
  2 trolls
  8 blink frogs
  31 yaks
  2 shadows
  Eustachio (D:5)
  4 wyverns
  2 basilisks
  A death yak simulacrum (IceCv)
  2 steam dragons
  2 vampire mosquitoes (D:11)
  A harpy simulacrum (IceCv)
  2 swamp worms (Lair:3)
  2 wargs
  2 acid dragons
  16 water moccasins
  2 ice beasts
  A sky beast (D:8)
  A black bear (D:6)
  5 orc warriors
  18 wolves
  2 centaurs (D:7)
  2 ogres
  A phantom (D:6)
  5 kobold brigands
  18 bullfrogs
  3 scorpions
  6 two-headed ogre simulacra (IceCv)
  A wyvern zombie (D:6)
  3 cane toad simulacra (IceCv)
  A wyvern skeleton (D:7)
  A killer bee (D:9)
  An elephant simulacrum (IceCv)
  2 electric eels
  4 howler monkeys
  A quasit (D:6)
  3 centaur zombies
  2 hounds (D:6)
  A gnoll shaman (D:4)
  A centaur skeleton (D:7)
  4 orc priests
  A scorpion zombie (D:5)
  7 orc wizards
  5 wolf simulacra (IceCv)
  4 spriggan simulacra (IceCv)
  3 troll simulacra (IceCv)
  A polar bear simulacrum (IceCv)
  A hound zombie (D:5)
  6 gnolls
  6 adders
  9 naga simulacra (IceCv)
  A shadow imp (D:8)
  8 white imps
  4 ufetubi (IceCv)
  2 adder zombies (D:3)
  An adder skeleton (D:5)
  2 worms
  5 dart slugs
  11 orcs
  8 ball pythons
  9 endoplasms
  5 giant cockroaches
  6 goblins
  10 hobgoblins
  2 jackals (D:4)
  3 quokkas
  4 bats
  3 hobgoblin zombies (D:6)
  30 kobolds
  A kobold skeleton (D:6)
  A kobold zombie (D:6)
  An orc skeleton (D:6)
  An orc zombie (D:6)
  A quokka zombie (D:3)
  4 rats
417 creatures vanquished.

Vanquished Creatures (others)
  An orc (Bailey)
  2 briar patches (Lair:1)
  35 fungi
  26 plants
64 creatures vanquished.

Grand Total: 481 creatures vanquished

Notes
Turn   | Place    | Note
-------+----------+-------------------------------------------
     0 | D:1      | pkoi the Troll Monk began the quest for the Orb.
     0 | D:1      | Reached XP level 1. HP: 22/22 MP: 0/0
    46 | D:1      | Reached XP level 2. HP: 24/29 MP: 1/1
   121 | D:1      | Reached skill level 4 in Unarmed Combat
   254 | D:1      | Reached XP level 3. HP: 36/36 MP: 2/2
   538 | D:2      | Found a faded altar of an unknown god.
   578 | D:2      | Reached XP level 4. HP: 44/44 MP: 3/3
   654 | D:2      | Found an opulent altar of Gozag.
   672 | D:2      | Reached skill level 5 in Unarmed Combat
  1319 | D:3      | Found a basalt altar of Yredelemnul.
  1326 | D:3      | Reached XP level 5. HP: 48/50 MP: 4/4
  1423 | D:3      | Found an ornate altar of the Wu Jian Council.
  1432 | D:3      | Noticed a spectral centipede
  1432 | D:3      | Noticed a spectral black mamba
  1432 | D:3      | Noticed a spectral cane toad
  1579 | D:3      | Found an opulent altar of Gozag.
  1897 | D:4      | Found a staircase to the Ecumenical Temple.
  1898 | D:4      | Found a snail-covered altar of Cheibriados.
  1905 | Temple   | Entered the Ecumenical Temple
  1912 | Temple   | Reached skill level 6 in Unarmed Combat
  2129 | Temple   | Became a worshipper of Dithmenos the Shadowed
  2129 | Temple   | Reached * piety under Dithmenos
  2129 | Temple   | Reached ** piety under Dithmenos
  2231 | D:4      | Found a broken altar of Ashenzari.
  2326 | D:4      | Found a runed translucent door.
  2363 | D:4      | Found a runed translucent door.
  2364 | D:4      | Noticed waplegopp's ghost (amateur TeBe)
  2430 | D:4      | Found a radiant altar of Vehumet.
  2486 | D:4      | Found a burning altar of Makhleb.
  2486 | D:4      | Noticed an Executioner
  2489 | D:4      | Noticed a neqoxec
  2489 | D:4      | Noticed a hellwing
  2489 | D:4      | You fall into a shaft and drop 2 floors!
  2496 | D:6      | Noticed a phantom
  2497 | D:6      | Reached XP level 6. HP: 59/59 MP: 5/5
  2508 | D:6      | Reached skill level 7 in Unarmed Combat
  2592 | D:5      | Entered Level 5 of the Dungeon
  2724 | D:5      | Noticed Eustachio
  2765 | D:5      | Killed Eustachio
  2766 | D:5      | Reached skill level 8 in Unarmed Combat
  2766 | D:5      | Reached XP level 7. HP: 50/66 MP: 6/6
  3877 | D:6      | Reached skill level 9 in Unarmed Combat
  3893 | D:6      | Found a glowing golden altar of the Shining One.
  3961 | D:6      | Reached XP level 8. HP: 75/75 MP: 7/7
  3976 | D:6      | Reached *** piety under Dithmenos
  4003 | D:6      | Noticed a troll
  4011 | D:6      | Noticed a manticore
  4011 | D:6      | Noticed a manticore
  4067 | D:7      | Reached skill level 1 in Throwing
  4160 | D:6      | Found a sacrificial altar of Ru.
  4173 | D:6      | Killed a manticore
  4183 | D:6      | Reached skill level 10 in Unarmed Combat
  4235 | D:6      | Killed a troll
  4236 | D:6      | Reached XP level 9. HP: 76/84 MP: 8/8
  4565 | D:6      | Found an iron altar of Okawaru.
  4703 | D:6      | Killed a manticore
  4855 | D:7      | Found a glowing silver altar of Zin.
  5058 | D:7      | Noticed Joseph
  5070 | D:7      | Killed Joseph
  5071 | D:7      | Reached skill level 5 in Fighting
  5071 | D:7      | Reached skill level 5 in Dodging
  5071 | D:7      | Reached skill level 11 in Unarmed Combat
  5691 | D:8      | Noticed Maurice
  5706 | D:8      | Killed Maurice
  5707 | D:8      | Reached XP level 10. HP: 74/96 MP: 9/9
  5786 | D:8      | Noticed Maggie
  5801 | D:8      | Killed Maggie
  6156 | D:9      | Reached **** piety under Dithmenos
  6187 | D:9      | Noticed a two-headed ogre
  6188 | D:9      | Noticed a two-headed ogre
  6298 | D:9      | Found a flagged portal.
  6312 | Bailey   | Entered a bailey
  6544 | D:9      | Killed a two-headed ogre
  6545 | D:9      | Reached skill level 12 in Unarmed Combat
  7238 | D:10     | Entered Level 10 of the Dungeon
  7359 | D:10     | Found a staircase to the Lair.
  7481 | D:10     | Noticed a +0 hand axe
  7482 | D:10     | Noticed a +0 hand axe
  7484 | D:10     | Found a hide-covered altar of Uskayaw.
  7511 | D:10     | Reached XP level 11. HP: 83/107 MP: 10/10
  7971 | D:11     | Reached skill level 13 in Unarmed Combat
  7976 | D:11     | Noticed a two-headed ogre
  7977 | D:11     | Reached skill level 1 in Evocations
  7987 | D:11     | Killed a two-headed ogre
  8056 | Lair:1   | Entered Level 1 of the Lair of Beasts
  8106 | Lair:1   | Noticed an eight-headed hydra
  8156 | Lair:1   | Killed an 11-headed hydra
  8473 | Lair:1   | Found a transporter.
  8479 | Lair:1   | You fall into a shaft and drop 1 floor!
  8497 | Lair:2   | Noticed a four-headed hydra
  8505 | Lair:2   | Killed a seven-headed hydra
  8728 | Lair:2   | Found a staircase to the Swamp.
  8744 | Lair:2   | Reached skill level 14 in Unarmed Combat
  8904 | Lair:1   | Found a transporter.
  9126 | Lair:1   | Found a runed translucent door.
  9126 | Lair:1   | Found a shimmering altar of Xom.
  9126 | Lair:1   | Noticed a +2 long sword of chaos
  9126 | Lair:1   | Noticed reversiblehash's ghost (journeyman MiFi)
  9314 | Lair:2   | Reached skill level 1 in Invocations
  9368 | Lair:2   | Found a staircase to the Snake Pit.
  9492 | Lair:2   | Noticed a boulder beetle
  9506 | Lair:2   | Killed a boulder beetle
  9507 | Lair:2   | Reached XP level 12. HP: 108/118 MP: 10/12
  9672 | Lair:2   | Identified the +6 scale mail of Emikh {Harm SInv}
  9732 | Lair:2   | Reached ***** piety under Dithmenos
 10134 | Lair:3   | Noticed Sonja
 10139 | Lair:3   | Killed Sonja
 10162 | Lair:3   | Reached skill level 5 in Throwing
 11551 | Lair:4   | Found a frozen archway.
 11567 | IceCv    | Entered an ice cave
 12230 | IceCv    | Reached XP level 13. HP: 75/127 MP: 15/15
 12900 | Lair:3   | Reached skill level 5 in Invocations
 13178 | Lair:3   | Reached skill level 15 in Unarmed Combat
 14073 | Lair:5   | You fall into a shaft and drop 1 floor!
 14073 | Lair:6   | Entered Level 6 of the Lair of Beasts
 14124 | Lair:6   | Reached ****** piety under Dithmenos
 14379 | Lair:6   | Found a viscous altar of Jiyva.
 14379 | Lair:6   | Found a staircase to the Slime Pits.
 14520 | Lair:5   | Reached XP level 14. HP: 139/140 MP: 18/18
 14557 | Lair:5   | Found a dark tunnel.
 14567 | Volcano  | Entered a volcano
 15028 | Lair:1   | HP: 5/140 [swamp worm/harpoon shot (4)]
 15028 | Lair:1   | Collided with a briar patch

Illustrated notes

Levels and vault maps discovered:
D:1:      wander_arrival_lonely_grave, layout_rooms
D:2:      layout_basic, basic_altar, shapermc_ecumenical_altar_venn,
          serial_corexii_hall, corexii_hall_statues_i, corexii_hall_statues_i,
          minmay_misc_feat_plants, minmay_pentomino_q2
D:3:      wad_lake_hut, layout_loops_ring, nicolae_yredelemnul_corpse_copse,
          pdpol_wu_jian_five_deadly_venoms, grunt_gozag_statues
D:4:      layout_rooms, makhleb_altar_promises_db,
          mainiacjoe_overflow_boulevard, nicolae_overflow_hidden_temple,
          lemuel_round_altar, ebering_ghost_sewer_f, kennysheep_generic_room_5
D:5:      layout_basic, grunt_ministairs_7, st_stairs_12,
          kennysheep_generic_room_10, uniq_eustachio
D:6:      layout_cave_pools, nicolae_tso_besieged_by_evil,
          mainiacjoe_overflow_tiny_flanked, lemuel_tele_altar,
          minmay_misc_feat_nine_boxes, kennysheep_pointless_box, kb_rosetta
D:7:      layout_basic, mainiacjoe_overflow_six_doors_small, uniq_joseph
D:8:      layout_cave_pools, uniq_maurice, uniq_maggie
D:9:      layout_basic, enter_bailey_1, serial_bayou_pond_b,
          chequers_serial_rivers_large_b
D:10:     layout_cave_pools, dancing_weapons_uskayaw, erik_lair_orcish_takeover
D:11:     layout_rooms, orc_0_dummy
Temple:   jpeg_temple_alley_garden
Lair:1:   gammafunk_worm_tunnel, layout_chaotic_city, ebering_ghost_xom,
          grunt_megastairs_2
Lair:2:   layout_roguey, swamp_mist_pool, dummy_snake_entry,
          serial_bayou_shore_a
Lair:3:   layout_layer_cave, worms_lemuel, infiniplex_staircase_pool_2,
          uniq_sonja
Lair:4:   layout_cave_pods, portal_ice_cave_rime, ldierk_geyser, st_stairs_8,
          grunt_megastairs_5, lemuel_fruit_fields, lemuel_fruit_tree
Lair:5:   layout_concentric_octagons, nicolae_volcano_entry_hallway,
          minmay_shattered_shrine
Lair:6:   grunt_lair_end_beastmaster, layout_gridlike,
          dpeg_slime_entry_enclosed_altar

Skill      XL: |  1  2  3  4  5  6  7  8  9 10 11 12 13 |
---------------+----------------------------------------+-----
Unarmed Combat | 4 5 6 8 9 10 11 12 14 15 | 15.7
Fighting       | 3 4 5 6 7 8 9 |  9.2
Dodging        | 3 4 5 6 7 8 9 |  9.2
Throwing       | 2 4 6 |  6.5
Evocations     | 4 |  4.2
Invocations    | 1 4 7 |  7.4
Stealth        | |  1.0

Action                   |  1- 3 |  4- 6 |  7- 9 | 10-12 | 13-15 || total
-------------------------+-------+-------+-------+-------+-------++-------
Melee: Unarmed           |    68 |   142 |   199 |   530 |   330 ||  1269
       Punch             |     1 |     3 |     9 |    42 |    37 ||    92
Throw: Dart              |       |       |    29 |    32 |     3 ||    64
Evoke: Wand              |       |       |       |     2 |       ||     2
  Use: Scroll            |       |     9 |     6 |     9 |     4 ||    28
       Potion            |       |       |       |     1 |       ||     1
 Stab: Sleeping          |       |     5 |     2 |     8 |     5 ||    20
Armor: Robe              |    27 |    40 |    47 |   162 |   126 ||   402
Dodge: Dodged            |    53 |    76 |    97 |   292 |   251 ||   769
